 Dungeon Crawl Stone Soup version 0.21.1-1-g345015f (webtiles) character file.

75 letownia2 the Poker (level 4, -1/33 HPs)
             Began as a Merfolk Skald on Mar 13, 2018.
             Slain by warwik96's ghost (14 damage)
             ... on level 3 of the Dungeon.
             The game lasted 00:05:24 (898 turns).

letownia2 the Poker (Merfolk Skald)                  Turns: 898, Time: 00:05:25

Health: -1/33      AC:  3    Str: 11    XL:     4   Next: 31%
Magic:  2/7        EV: 12    Int: 13    God:
Gold:   121        SH:  2    Dex: 13    Spells: 1/7 levels left

rFire    . . .     SeeInvis .   a - +6 club
rCold    . . .     Gourm    .   (no shield)
rNeg     . . .     Faith    .   l - +0 leather armour
rPois    .         Spirit   .   (no helmet)
rElec    .         Reflect  +   (no cloak)
rCorr    .         Harm     .   (no gloves)
MR       .....                  (no boots)
Stlth    +.........             k - +2 amulet of reflection
HPRegen  0.11/turn              (no ring)
MPRegen  0.10/turn              (no ring)

@: no status effects
A: change form in water, swift swim, stealthy swim
a: no special abilities


You were on level 3 of the Dungeon.
You were not hungry.

You visited 1 branch of the dungeon, and saw 4 of its levels.

You collected 121 gold pieces.

Inventory:

Hand Weapons
 a - a +6 club (weapon)
 b - a +0 spear
 p - a +0 glaive
 q - a cursed +0 mace
Armour
 l - a +0 leather armour (worn)
Jewellery
 k - a +2 amulet of reflection (around neck)
Wands
 j - a wand of iceblast (11)
Scrolls
 e - 4 scrolls of identify {unknown}
 g - 4 scrolls of remove curse {unknown}
 h - 2 scrolls of teleportation {unknown}
 i - a scroll of immolation {unknown}
 m - a scroll of blinking {unknown}
Potions
 f - a potion of resistance {unknown}
 n - a potion of agility {unknown}
 r - a potion of lignification {unknown}
Books
 c - a book of Battle

   Spells                             Type                      Level
   a - Infusion                       Charms                       1
   b - Shroud of Golubria             Charms/Translocation         2
   c - Song of Slaying                Charms                       2
   d - Spectral Weapon                Hexes/Charms                 3
   e - Regeneration                   Charms/Necromancy            3
Comestibles
 d - 4 rations
 o - 2 chunks of flesh


   Skills:
 - Level 2.1 Fighting
 - Level 4.5 Polearms
 - Level 0.6 Armour
 - Level 2.6 Dodging
 - Level 2.0 Spellcasting
 - Level 2.2 Hexes
 + Level 3.5 Charms
 - Level 1.0 Translocations


You had one spell level left.
You knew the following spells:

 Your Spells              Type           Power        Failure   Level  Hunger
a - Infusion              Chrm           ##..         8%          1    ##.....
t - Shroud of Golubria    Chrm/Tloc      #.........   21%         2    ###....
x - Spectral Weapon       Hex/Chrm       #.......     30%         3    ####...


Dungeon Overview and Level Annotations

Branches:
Dungeon (4/15)
 Temple: D:4-7

Altars:

Annotations:
D:3 warwik96's ghost, amateur BaFi


Message History

Space distorts slightly along a thin shroud covering your body.
Casting: Shroud of Golubria
Confirm with . or Enter, or press ? or * to list all spells.
You draw out your weapon's spirit!
You hit warwik96's ghost.
Warwik96's ghost is lightly damaged.
Your spectral weapon hits warwik96's ghost but does no damage.
Warwik96's ghost hits you!
Your shroud falls apart!
Unknown command.
You hit warwik96's ghost.
Warwik96's ghost is lightly damaged.
Your spectral weapon hits warwik96's ghost.
Warwik96's ghost hits you! The giant cockroach barely misses you.
Unknown command.
You hit warwik96's ghost.
Warwik96's ghost is moderately damaged.
Your spectral weapon hits warwik96's ghost.
Warwik96's ghost hits you!
You die...

.. ≈≈ #.# .≈# #.# ....
#.# ##..# #.##....#
#####.#.....
#.....sW#.# #....(@(..#
#...†....## #........#
#. #........### .# #..#
#..........# .##....#
#.......##..###.#..##.#
####..†.# #.......###.#
#....####...#.......
#.............##....


You could see warwik96's ghost, a giant cockroach and a friendly spectral
enchanted club.

Vanquished Creatures
  Jessica (D:2)
  2 oozes
  A worm (D:2)
  2 dart slugs (D:1)
  5 bats
  A giant cockroach (D:2)
  A hobgoblin (D:2)
  2 quokkas
  A ball python (D:2)
  3 frilled lizards
  5 goblins
  3 kobolds
  11 rats
38 creatures vanquished.

Notes
Turn   | Place    | Note
-------+----------+-------------------------------------------
     0 | D:1      | letownia2 the Merfolk Skald began the quest for the Orb.
     0 | D:1      | Reached XP level 1. HP: 16/16 MP: 3/3
   153 | D:1      | Reached skill level 4 in Polearms
   153 | D:1      | Reached XP level 2. HP: 15/22 MP: 0/5
   195 | D:1      | Learned a level 2 spell: Shroud of Golubria
   477 | D:2      | Reached XP level 3. HP: 25/27 MP: 3/6
   478 | D:2      | Reached skill level 1 in Translocations
   496 | D:2      | Learned a level 3 spell: Spectral Weapon
   557 | D:2      | Noticed Jessica
   565 | D:2      | Killed Jessica
   567 | D:2      | Reached XP level 4. HP: 33/33 MP: 0/7
   754 | D:2      | Found a faded altar of an unknown god.
   892 | D:3      | Noticed warwik96's ghost (amateur BaFi)
   898 | D:3      | Slain by warwik96's ghost

Skill      XL: |  1  2  3 |
---------------+----------+-----
Polearms       | 4 |  4.5
Translocations | 1 |  1.0
Hexes          | 2 |  2.2
Fighting       | |  2.1
Armour         | |  0.6
Dodging        | |  2.6
Spellcasting   | |  2.0
Charms         | |  3.5

Action                   |  1- 3 |  4- 6 || total
-------------------------+-------+-------++-------
Melee: Spear             |    75 |    21 ||    96
       Club              |       |    20 ||    20
 Cast: Infusion          |     5 |     1 ||     6
       Shroud of Golubri |     4 |     5 ||     9
       Spectral Weapon   |       |     1 ||     1
 Stab: Sleeping          |     1 |       ||     1
  Eat: Chunk             |       |     1 ||     1
Armor: Leather armour    |    16 |     6 ||    22
Dodge: Dodged            |    28 |    18 ||    46
Block: Other             |       |     3 ||     3
